 Dungeon Crawl Stone Soup version 0.23.2-33-g5129a83184 (webtiles) character file.

Game seed: 3069249184165411948

399 H0rd4k the Thaumaturge (level 6, -2/33 HPs)
             Began as a Deep Elf Wizard on June 28, 2019.
             Slain by an orc
             ... wielding a +0 whip
              (3 damage)
             ... on level 5 of the Dungeon.
             The game lasted 00:13:05 (4862 turns).

H0rd4k the Thaumaturge (Deep Elf Wizard)            Turns: 4862, Time: 00:13:06

Health: -2/33      AC:  2    Str:  4      XL:     6   Next: 54%
Magic:  3/19       EV: 13    Int: 25      God:
Gold:   168        SH:  0    Dex: 11 (13) Spells: 15/21 levels left

rFire    . . .     SeeInvis .   t - +1 dagger (protect)
rCold    . . .     Gourm    .   (no shield)
rNeg     . . .     Faith    .   a - +0 robe
rPois    .         Spirit   .   b - +0 hat
rElec    .         Reflect  .   (no cloak)
rCorr    .         Harm     .   (no gloves)
MR       .....                  (no boots)
Stlth    ++........             (no amulet)
HPRegen  0.11/turn              (no ring)
MPRegen  0.16/turn              (no ring)

@: no status effects
A: no striking features
a: no special abilities


You were on level 5 of the Dungeon.
You were not hungry.

You visited 1 branch of the dungeon, and saw 5 of its levels.

You collected 168 gold pieces.

Inventory:

Hand Weapons
 t - a +1 dagger of protection (weapon)
Armour
 a - a +0 robe (worn)
 b - a +0 hat (worn)
Jewellery
 r - an uncursed ring of stealth {unknown}
 u - an uncursed ring of poison resistance {unknown}
Wands
 l - a wand of random effects (13)
 p - a wand of digging (4)
Scrolls
 c - 2 scrolls of amnesia {unknown}
 e - 6 scrolls of remove curse {unknown}
 f - 5 scrolls of identify {unknown}
 g - a scroll of magic mapping {unknown}
 h - 2 scrolls of fear {unknown}
 i - 3 scrolls of teleportation {unknown}
 j - a scroll of enchant weapon {unknown}
 m - a scroll of blinking {unknown}
 n - a scroll of immolation {unknown}
 v - a scroll of enchant armour {unknown}
Potions
 k - a potion of ambrosia
 o - 2 potions of degeneration
 q - a potion of brilliance {unknown}
 s - a potion of heal wounds {unknown}
Comestibles
 d - 5 rations
 w - 3 chunks of flesh


   Skills:
 + Level 0.6 Fighting
 + Level 3.0 Dodging
 + Level 2.9 Stealth
 + Level 8.0 Spellcasting
 + Level 3.4 Conjurations
   Level 1.1 Summonings
 + Level 2.0 Translocations
 - Level 1.1 Fire Magic
 + Level 0.2 Evocations


You had 15 spell levels left.
You knew the following spells:

 Your Spells              Type           Power        Failure   Level  Hunger
a - Magic Dart            Conj           ####         1%          1    None
b - Blink                 Tloc           N/A          4%          2    None
c - Conjure Flame         Conj/Fire      ###.....     7%          3    None

Your spell library contained the following spells:

 Spells                   Type           Power        Failure   Level  Hunger
 Call Imp                 Summ           ###.....     6%          2    None
 Slow                     Hex            ##......     9%          2    None
 Mephitic Cloud           Conj/Pois/Air  ###.....     12%         3    None


Dungeon Overview and Level Annotations

Branches:
Dungeon (5/15)
 Temple: D:4-7

Altars:
Hepliaklqana

Annotations:
D:1 1 exclusion
D:2 exclusion: 2 downstairs
D:3 exclusion: downstairs, Edmund
D:4 1 runed translucent door, Blork the orc, Crazy Yiuf


Message History

The orc throws a tomahawk.
The tomahawk closely misses you.
Evoke which item? (* to show all) (? for menu, Esc to quit)
Aiming: Random Effects
Press: ? - help, Shift-Dir - straight line, f - orc
Aim: an orc, wielding a +0 whip The orc appears confused.
Evoke which item? (* to show all) (? for menu, Esc to quit)
Aiming: Random Effects
Press: ? - help, Shift-Dir - straight line, f/p - orc
Aim: an orc, wielding a +0 whip (confused)
The puff of frost hits something.
Something hits you.
* * * LOW HITPOINT WARNING * * *
Evoke which item? (* to show all) (? for menu, Esc to quit)
Aiming: Random Effects
Press: ? - help, Shift-Dir - straight line, f/p - orc
Aim: an orc, wielding a +0 whip (confused)
The orc appears confused.
Something hits you.
* * * LOW HITPOINT WARNING * * *
Something hits you.
You die...

## ##### # .. ....#
#.##. ..#. ###.#..
... . .....!.
..###.......#
..#.?..#............#
.......(....#. .#.#.#
#@)# .. o...# #.....#
##...# .######.##.#
....# ........(..#
##..# #.....o..#
#..<# #..#. #......#
####.#.# #....).#
#ยง.....# #.......
####.### #.......


You could see an orc (confused).

Vanquished Creatures
  A scorpion (D:4)
  A howler monkey (D:5)
  2 orc wizards (D:4)
  2 worker ants (D:4)
  Ijyb (D:4)
  Robin (D:4)
  3 adders
  5 oozes
  3 worms
  2 dart slugs (D:2)
  2 leopard geckos
  6 orcs (D:4)
  3 ball pythons
  12 bats
  2 giant cockroaches
  14 goblins
  14 hobgoblins
  3 jackals
  11 kobolds
  5 quokkas
  2 frilled lizards (D:1)
  13 rats
108 creatures vanquished.

Notes
Turn   | Place    | Note
-------+----------+-------------------------------------------
     0 | D:1      | H0rd4k the Deep Elf Wizard began the quest for the Orb.
     0 | D:1      | Reached XP level 1. HP: 10/10 MP: 7/7
   107 | D:1      | Reached skill level 5 in Spellcasting
   107 | D:1      | Reached XP level 2. HP: 7/15 MP: 0/10
   747 | D:1      | Learned a level 2 spell: Blink
   817 | D:2      | Reached XP level 3. HP: 19/19 MP: 6/12
   822 | D:2      | Learned a level 3 spell: Conjure Flame
  1163 | D:2      | Reached skill level 6 in Spellcasting
  1304 | D:2      | Reached skill level 1 in Fire Magic
  1594 | D:2      | Reached XP level 4. HP: 24/24 MP: 10/14
  2861 | D:4      | Noticed Edmund
  3064 | D:4      | Reached XP level 5. HP: 28/28 MP: 12/16
  3090 | D:4      | Found a runed translucent door.
  3091 | D:4      | Noticed Crazy Yiuf
  3160 | D:4      | Noticed Ijyb
  3174 | D:4      | Killed Ijyb
  3174 | D:4      | Reached skill level 7 in Spellcasting
  3365 | D:5      | Entered Level 5 of the Dungeon
  3855 | D:4      | Reached XP level 6. HP: 18/33 MP: 1/18
  4140 | D:4      | Found a hazy altar of Hepliaklqana.
  4175 | D:4      | Noticed Blork the orc
  4599 | D:4      | Noticed Robin
  4773 | D:4      | Killed Robin
  4773 | D:4      | Reached skill level 8 in Spellcasting
  4827 | D:4      | HP: 1/33 [Blork the orc/magic dart (5)]
  4862 | D:5      | HP: 1/33 [something (3)]
  4862 | D:5      | Slain by an orc

Skill      XL: |  1  2  3  4  5  6 |
---------------+-------------------+-----
Spellcasting   | 5 6 7 8 |  8.0
Fire Magic     | 1 |  1.1
Conjurations   | 2 3 |  3.4
Dodging        | 3 |  3.0
Translocations | 2 |  2.0
Fighting       | |  0.6
Stealth        | |  2.9
Summonings     | |  1.1
Evocations     | |  0.2

Action                   |  1- 3 |  4- 6 || total
-------------------------+-------+-------++-------
 Cast: Magic Dart        |   131 |   245 ||   376
       Conjure Flame     |       |     9 ||     9
       Blink             |       |     8 ||     8
Evoke: Wand              |       |    12 ||    12
  Use: Potion            |       |     4 ||     4
  Eat: Chunk             |     2 |     5 ||     7
       Ration            |       |     2 ||     2
Armor: Robe              |     8 |    11 ||    19
Dodge: Dodged            |    49 |    68 ||   117
